 Dungeon Crawl Stone Soup version 0.30-a0-1075-gcd70e7a56d (webtiles) character file.

Game seed: 16249448531616296290

2373 Maxmaps the Martial Artist (level 9, -3/63 HPs)
             Began as a Demonspawn Monk on Apr 15, 2023.
             Killed from afar by an electric eel (13 damage)
             ... with a bolt of electricity
             ... in a bailey.
             The game lasted 00:11:27 (6839 turns).

Maxmaps the Martial Artist (Demonspawn Monk)        Turns: 6839, Time: 00:11:28

Health: -3/63      AC: 15    Str: 12    XL:     9   Next: 21%
Magic:  9/9        EV:  6    Int: 16    God:
Gold:   466        SH: 10    Dex: 15    Spells: 8/8 levels left

rFire   + . .      SeeInvis .      - Unarmed
rCold   + . .      Faith    .    n - +0 buckler
rNeg    . . .      Spirit   .    v - +0 chain mail
rPois   .          Reflect  +    a - +0 helmet
rElec   .          Rampage  .    d - +0 cloak
rCorr   .                        (no gloves)
Will    .....                    (no boots) Stlth
                                 f - amulet of reflection
HPRegen 0.30/turn                j - ring of protection from cold
MPRegen 0.11/turn                (no ring)

@: no status effects
A: molten scales 3, demonic guardian 1, demonic touch 1
a: no special abilities


You were in a bailey.
You visited 1 branch of the dungeon, and saw 7 of its levels.
You also visited: Ossuary and Bailey.

You collected 466 gold pieces.

Inventory:

Armour
 a - a +0 helmet (worn)
 c - an orb of light
 d - a +0 cloak (worn)
 n - a +0 buckler (worn)
 v - a +0 chain mail (worn)
Jewellery
 f - an amulet of reflection (around neck)
 j - a ring of protection from cold (left hand)
 u - a ring of magical power
 x - a ring of flight
Wands
 i - a wand of mindburst (1)
 w - a wand of polymorph (13)
Scrolls
 e - 2 scrolls of blinking
 l - 2 scrolls of fear
 m - a scroll of immolation
 p - 2 scrolls of teleportation
 s - 2 scrolls of amnesia
 t - 2 scrolls of vulnerability
Potions
 b - 2 potions of cancellation
 h - 5 potions of curing
 k - 3 potions of mutation
 o - 3 potions of might
 r - a potion of degeneration
 z - a potion of invisibility {unknown}
 A - a potion of haste {unknown}


   Skills:
 - Level 3.0 Fighting
 - Level 3.2 Armour
 - Level 3.1 Dodging
 - Level 1.7 Stealth
 - Level 4.0 Shields
 - Level 10.1 Unarmed Combat
 + Level 0.7 Evocations


You had 8 spell levels left.
You didn't know any spells.
Your spell library contained the following spells:

 Spells                   Type           Power      Damage    Failure   Level
 Summon Small Mammal      Summ           0%         N/A       100%        1
 Call Canine Familiar     Summ           0%         N/A       100%        3
 Dazzling Flash           Conj/Hex       0%         N/A       100%        3
 Stone Arrow              Conj/Erth      0%         3d7       100%        3
 Summon Guardian Golem    Hex/Summ       0%         N/A       100%        3
 Vhi's Electric Charge    Tloc/Air       0%         N/A       100%        3
 Animate Armour           Summ/Erth      0%         N/A       100%        4
 Agony                    Necr           0%         N/A       100%        5
 Arcjolt                  Conj/Air       0%         1d10      100%        5
 Silence                  Hex/Air        0%         N/A       100%        5
 Plasma Beam              Fire/Air       0%         2x1d11    100%        6
 Lehudib's Crystal Spear  Conj/Erth      0%         10d2      100%        8


Dungeon Overview and Level Annotations

Branches:
Dungeon (7/15)             Temple (0/1) D:7         Ossuary (visited)
 Bailey (1/1)

Altars:
Dithmenos
Qazlal
Ru
Yredelemnul

Annotations:
D:7 5 runed translucent doors, AstroCodex24's ghost, novice DgFi


Innate Abilities, Weirdness & Mutations

You are completely covered in molten scales. (AC +4, rF+)
A weak demonic guardian rushes to your aid.
Your touch may inflict minor irresistible damage on your foes.


Message History

An electric eel comes into view. x2
You are too injured to fight recklessly!
Unknown command.
Aiming: Mindburst
Press: ? - help, Shift-Dir - straight line, f - electric eel
Aim: an electric eel (water, lightly wounded, chance to affect: 72%)
The electric eel's mind is blasted!!
You blow up the electric eel!
Unknown command.
Aiming: Mindburst
Press: ? - help, Shift-Dir - straight line, f - electric eel
Aim: an electric eel (water, chance to affect: 75%)
The electric eel struggles to resist.
The electric eel shoots out a bolt of lightning at you!
The bolt of electricity hits you.
Unknown command.
Aiming: Mindburst
Press: ? - help, Shift-Dir - straight line, f/p - electric eel
Aim: an electric eel (water, chance to affect: 75%)
The electric eel's mind is blasted!
The electric eel shoots out a bolt of lightning at you!
The bolt of electricity hits you!
* * * LOW HITPOINT WARNING * * *
The electric eel shoots out a bolt of lightning at you!
The bolt of electricity hits you.
* * * LOW HITPOINT WARNING * * *
A demonic guardian appears!
The bolt of electricity hits your quasit!
Aiming: Mindburst
Press: ? - help, Shift-Dir - straight line, f/p - electric eel
Aim: an electric eel (water, severely wounded, chance to affect: 75%)
The electric eel struggles to resist.
The electric eel shoots out a bolt of lightning at you!
The bolt of electricity hits you but does no damage.
The bolt of electricity hits your quasit!
Your quasit dies!
Your quasit disappears in a puff of smoke!
The electric eel shoots out a bolt of lightning at you!
The bolt of electricity hits you!
You die...

##### #.∩.#
###...###
#.......#
#...∩...#
#.......#
#.......#
##....§..######
≈......@..≈≈S≈≈
≈≈≈≈≈...≈S≈≈S≈≈≈
≈≈≈≈≈...≈≈≈≈≈≈≈≈
≈≈≈≈...≈≈≈≈≈≈≈≈
≈≈≈≈...≈≈≈≈≈≈≈≈
~~~~...~~~~####
...........#
####+++#####


You could see 3 electric eels.

Vanquished Creatures
  Grinder (D:5)
  Menkaure (D:5)
  A black bear (D:4)
  An ogre (D:5)
  2 centaurs
  3 lemures (D:7)
  A bullfrog (D:7)
  3 scorpions
  A water moccasin zombie (D:7)
  10 wights
  An electric eel (Bailey)
  A centaur zombie (D:7)
  2 orc priests
  3 jellies
  Crazy Yiuf (D:2)
  2 hounds
  A sleepcap (D:6)
  2 iguanas
  4 orc wizards
  8 mummies (Ossuary)
  Robin (D:2)
  3 gnolls (D:3)
  6 adders
  2 white imps (D:5)
  3 ufetubi
  2 dart slugs
  A worm (D:5)
  9 orcs
  9 ball pythons
  6 endoplasms
  3 giant cockroaches
  2 gnoll zombies (Ossuary)
  11 goblins
  8 hobgoblins
  5 jackals (D:3)
  13 kobolds
  2 quokkas (D:3)
  4 bats
  10 frilled lizards
  2 hobgoblin zombies (Ossuary)
  A kobold zombie (Ossuary)
  6 rats
158 creatures vanquished.

Vanquished Creatures (collateral kills)
  A black bear (D:2)
  Ijyb (D:3)
  An orc (D:3)
  A gnoll zombie (Ossuary)
  A goblin (D:1)
  A hobgoblin (D:3)
  A quokka (D:1)
  A kobold zombie (Ossuary)
  An orc zombie (Ossuary)
9 creatures vanquished.

Vanquished Creatures (others)
  A fungus (D:2)
  51 plants
52 creatures vanquished.

Grand Total: 219 creatures vanquished

Notes
Turn   | Place    | Note
-------+----------+-------------------------------------------
     0 | D:1      | Maxmaps the Demonspawn Monk began the quest for the Orb.
     0 | D:1      | Reached XP level 1. HP: 18/18 MP: 1/1
   166 | D:1      | Reached skill level 3 in Unarmed Combat
   215 | D:1      | Gained mutation: A weak demonic guardian rushes to your
                  | aid. [demonic ancestry]
   215 | D:1      | Reached XP level 2. HP: 15/24 MP: 2/2
   690 | D:2      | Found a faded altar of an unknown god.
   829 | D:2      | Gained mutation: You are partially covered in molten
                  | scales. (AC +2) [demonic ancestry]
   829 | D:2      | Reached XP level 3. HP: 28/29 MP: 3/3
  1028 | D:2      | Reached skill level 1 in Armour
  1036 | D:2      | Noticed a black bear
  1059 | D:2      | Killed a black bear
  1060 | D:2      | Gained mutation: Your touch may inflict minor irresistible
                  | damage on your foes. [demonic ancestry]
  1060 | D:2      | Reached XP level 4. HP: 6/35 MP: 4/4
  1399 | D:2      | Identified the +1 leather armour of Ciop {rF+}
  1480 | D:2      | Found a runed translucent door.
  1481 | D:2      | Noticed Crazy Yiuf
  1795 | D:2      | Killed Crazy Yiuf
  1796 | D:2      | Reached skill level 1 in Shields
  1796 | D:2      | Reached XP level 5. HP: 41/41 MP: 5/5
  1839 | D:3      | Noticed Robin
  1839 | D:3      | Noticed Ijyb
  1882 | D:2      | Killed Robin
  1932 | D:3      | Killed Ijyb
  2165 | D:3      | Found a stormy altar of Qazlal.
  2635 | D:4      | Gained mutation: You are mostly covered in molten scales.
                  | (AC +3) [demonic ancestry]
  2635 | D:4      | Reached XP level 6. HP: 47/47 MP: 6/6
  2729 | D:4      | Found a sand-covered staircase.
  2767 | Ossuary  | Entered an ossuary
  3043 | Ossuary  | Reached skill level 4 in Unarmed Combat
  3909 | D:4      | Gained mutation: You are completely covered in molten
                  | scales. (AC +4, rF+) [demonic ancestry]
  3909 | D:4      | Reached XP level 7. HP: 32/52 MP: 7/7
  4129 | D:4      | Identified the +0 robe of Skepticism {rPois Str+6 Int-5}
  4230 | D:5      | Entered Level 5 of the Dungeon
  4287 | D:5      | Reached skill level 5 in Unarmed Combat
  4469 | D:5      | Noticed Grinder
  4482 | D:5      | Killed Grinder
  4483 | D:5      | Reached skill level 6 in Unarmed Combat
  4626 | D:5      | Noticed Menkaure
  4634 | D:5      | Killed Menkaure
  4635 | D:5      | Reached skill level 7 in Unarmed Combat
  4635 | D:5      | Reached XP level 8. HP: 58/58 MP: 8/8
  5573 | D:6      | Reached skill level 8 in Unarmed Combat
  5790 | D:6      | Found a sacrificial altar of Ru.
  5806 | D:6      | Found a shadowy altar of Dithmenos.
  5857 | D:6      | Reached skill level 9 in Unarmed Combat
  6274 | D:7      | Found a runed translucent gate.
  6274 | D:7      | Found a runed translucent gate.
  6274 | D:7      | Found a runed translucent gate.
  6274 | D:7      | Noticed AstroCodex24's ghost (novice DgFi)
  6276 | D:7      | Found a basalt altar of Yredelemnul.
  6301 | D:7      | Reached XP level 9. HP: 51/63 MP: 9/9
  6376 | D:7      | Found a large runed translucent door.
  6376 | D:7      | Found a large runed translucent door.
  6719 | D:7      | Reached skill level 10 in Unarmed Combat
  6759 | D:7      | Found a staircase to the Ecumenical Temple.
  6808 | D:7      | Found a flagged portal.
  6817 | Bailey   | Entered a bailey
  6839 | Bailey   | Killed from afar by an electric eel

Illustrated notes

Levels and vault maps discovered:
D:1:      mrwooster_arrival_statue, layout_basic, minmay_misc_feat_plants
D:2:      layout_loops_corners, basic_ecumenical_altar, uniq_crazy_yiuf_cottage
D:3:      layout_basic, nicolae_overflow_crystal_walls, minmay_misc_feat_five,
          nicolae_goblin_pals
D:4:      layout_loops_ring, zin_academy, enter_ossuary_3,
          minmay_misc_feat_alley, minmay_lizard_king
D:5:      layout_basic, uniq_grinder, uniq_menkaure
D:6:      layout_basic, old_standard_altar, lemuel_doored_altar,
          bh_walls_and_bars
D:7:      kennysheep_kobold_camp, layout_loops_ring,
          nicolae_yredelemnul_ghost_church, nicolae_vehumet_radiance,
          jmf_multi_god_temple2, minmay_temple_entry_arrows, enter_bailey_2,
          uniq_pikel
Bailey:   bailey_axe_of_yendor_kennysheep, bailey

Skill      XL: |  1  2  3  4  5  6  7  8  9 |
---------------+----------------------------+-----
Unarmed Combat | 3 4 7 9 10 | 10.1
Dodging        | 3 |  3.1
Armour         | 3 |  3.2
Shields        | 1 3 4 |  4.0
Fighting       | |  3.0
Stealth        | |  1.7
Evocations     | |  0.7

Action                     |  1- 3 |  4- 6 |  7- 9 || total
---------------------------+-------+-------+-------++-------
  Melee: Unarmed           |   108 |   407 |   299 ||   814
  Evoke: Wand              |       |       |     9 ||     9
    Use: Potion            |     1 |     4 |     7 ||    12
         Scroll            |       |    11 |     6 ||    17
   Stab: Distracted        |       |     1 |       ||     1
 Armour: Scale mail        |    57 |   132 |       ||   189
         Skin              |       |    27 |    61 ||    88
         Chain mail        |       |    11 |   120 ||   131
  Dodge: Dodged            |    54 |   121 |    66 ||   241
  Block: Orb               |    28 |       |       ||    28
         Reflection        |     1 |     1 |     6 ||     8
         Buckler           |       |   190 |   178 ||   368

Table legend: (Time is in decaauts)
 A = Elapsed time spent in this place.
 B = Non-inter-level travel time spent in this place.
 C = Inter-level travel time spent in this place.
 D = Time resting spent in this place.
 E = Time spent auto-exploring this place.
 F = Levels seen in this place.
 G = Mean time per level.
                   A        B        C        D        E       F      G
               +--------+--------+--------+--------+--------+-----+--------+
         Total |   6792 |   6569 |    223 |    593 |   4394 |   9 |  754.7 |
       Dungeon |   6117 |   5894 |    223 |    318 |   4219 |   7 |  873.9 |
       Ossuary |    653 |    653 |      0 |    275 |    167 |   1 |  653.0 |
        Bailey |     21 |     21 |      0 |      0 |      8 |   1 |   21.0 |
               +--------+--------+--------+--------+--------+-----+--------+

Top non-repeatable levels by time:
     D:2: 1171 daAuts
     D:6: 1084 daAuts
     D:4: 952 daAuts
     D:5: 928 daAuts
     D:3: 754 daAuts
     D:1: 681 daAuts
 Ossuary: 653 daAuts
     D:7: 544 daAuts
  Bailey: 21 daAuts
